TOP OF THE 1ST |
Cleveland (Rk+) Guardians batting - Pitching for Washington (Rk+) Nationals : LHP Bill Van Natta
|
Pitching: LHP Bill Van Natta
|
|
Batting: RHB Pat Reinagel
|
0-0: Ball 1-0: Ball 2-0: Called Strike 2-1: Called Strike 2-2: Foul Ball, location: 3F 2-2: Foul Ball, location: 7LDF 2-2: Strikes out swinging
|
Batting: RHB Carlos Zamora
|
0-0: Called Strike 0-1: Called Strike 0-2: Strikes out looking
|
Batting: RHB Mike Laudon
|
0-0: Ground out 6-3 (Groundball, 6D, EV 80.0 MPH)
|
Top of the 1st over - 0 runs, 0 hits, 0 errors, 0 left on base; Cleveland (Rk+) 0 - Washington (Rk+) 0 |
BOTTOM OF THE 1ST |
Washington (Rk+) Nationals batting - Pitching for Cleveland (Rk+) Guardians : RHP Tony Reyes
|
Pitching: RHP Tony Reyes
|
|
Batting: RHB Nick Terry
|
0-0: Called Strike 0-1: Ball 1-1: Ball 2-1: Called Strike 2-2: Strikes out swinging
|
Batting: LHB Mike George
|
0-0: SINGLE (Groundball, 4D, EV 102.5 MPH)
|
Batting: RHB Robby Blaze
|
0-0: Foul Ball, location: 9LDF 0-1: Foul Ball, location: 25F 0-2: Foul Ball, location: 7LMF 0-2: Ball 1-2: Ball 2-2: Ball 3-2: Foul Ball, location: 2F 3-2: Base on Balls Mike George to second
|
Batting: LHB Josh Cipolla
|
0-0: Fly out, F8 (Flyball, 8RM, EV 91.3 MPH)
|
Batting: RHB J.P. Collins
|
0-0: Foul Ball, location: 2RF 0-1: Swinging Strike 0-2: Ball 1-2: Strikes out swinging
|
Bottom of the 1st over - 0 runs, 1 hit, 0 errors, 2 left on base; Cleveland (Rk+) 0 - Washington (Rk+) 0 |
TOP OF THE 2ND |
Cleveland (Rk+) Guardians batting - Pitching for Washington (Rk+) Nationals : LHP Bill Van Natta
|
Batting: RHB Joe Barkell
|
0-0: Ball 1-0: Fly out, F8 (Flyball, 8RM, EV 97.5 MPH)
|
Batting: LHB Óscar Metelo
|
0-0: Called Strike 0-1: Ball 1-1: Ball 2-1: Swinging Strike 2-2: Ball 3-2: Strikes out swinging
|
Batting: RHB Nate Franz
|
0-0: Ball 1-0: Ball 2-0: Ground out 5-3 (Groundball, 56S, EV 88.1 MPH)
|
Top of the 2nd over - 0 runs, 0 hits, 0 errors, 0 left on base; Cleveland (Rk+) 0 - Washington (Rk+) 0 |
BOTTOM OF THE 2ND |
Washington (Rk+) Nationals batting - Pitching for Cleveland (Rk+) Guardians : RHP Tony Reyes
|
Batting: RHB David Freeman
|
0-0: SINGLE (Flyball, 6D, EV 96.9 MPH)
|
Batting: RHB Phil Taylor
|
0-0: Ball 1-0: Ball 2-0: Called Strike 2-1: Grounds into double play, 6-4-3 (Groundball, 6, EV 80.6 MPH)
|
Batting: RHB Clark Faris
|
0-0: Called Strike 0-1: Foul Ball, location: 9LSF 0-2: Ball 1-2: Ball 2-2: Fly out, F8 (Flyball, 8LS, EV 81.9 MPH)
|
Bottom of the 2nd over - 0 runs, 1 hit, 0 errors, 0 left on base; Cleveland (Rk+) 0 - Washington (Rk+) 0 |
TOP OF THE 3RD |
Cleveland (Rk+) Guardians batting - Pitching for Washington (Rk+) Nationals : LHP Bill Van Natta
|
Batting: RHB Kelly McDonald
|
0-0: Called Strike 0-1: Ball 1-1: Fly out, F4 (Flyball, 4MD, EV 83.1 MPH)
|
Batting: RHB Kevin Maher
|
0-0: Fly out, F7 (Flyball, 7, EV 91.3 MPH)
|
Batting: RHB Lee Lundgren
|
0-0: Called Strike 0-1: Foul Ball, location: 2F 0-2: Foul Ball, location: 2F 0-2: Ball 1-2: Fly out, F5 (Popup, 5SF, EV 88.1 MPH)
|
Top of the 3rd over - 0 runs, 0 hits, 0 errors, 0 left on base; Cleveland (Rk+) 0 - Washington (Rk+) 0 |
BOTTOM OF THE 3RD |
Washington (Rk+) Nationals batting - Pitching for Cleveland (Rk+) Guardians : RHP Tony Reyes
|
Batting: RHB Oscar Hernandez
|
0-0: Ball 1-0: Fly out, F6 (Popup, 6M, EV 75.0 MPH)
|
Batting: RHB Nick Terry
|
0-0: Ball 1-0: Ball 2-0: Swinging Strike 2-1: Foul Ball, location: 2F 2-2: Foul Ball, location: 2F 2-2: Strikes out swinging
|
Batting: LHB Mike George
|
0-0: SINGLE (Groundball, 34, EV 92.5 MPH) (infield hit)
|
Batting: RHB Robby Blaze
|
0-0: Ball 1-0: Called Strike 1-1: Ball 2-1: Ball 3-1: Called Strike 3-2: Strikes out swinging
|
Bottom of the 3rd over - 0 runs, 1 hit, 0 errors, 1 left on base; Cleveland (Rk+) 0 - Washington (Rk+) 0 |
TOP OF THE 4TH |
Cleveland (Rk+) Guardians batting - Pitching for Washington (Rk+) Nationals : LHP Bill Van Natta
|
Batting: RHB Pat Reinagel
|
0-0: Ball 1-0: Ball 2-0: Fly out, F7 (Flyball, 78D, EV 104.4 MPH)
|
Batting: RHB Carlos Zamora
|
0-0: Called Strike 0-1: Foul Ball, location: 9LMF 0-2: Ball 1-2: Ground out 5-3 (Groundball, 56, EV 90.0 MPH)
|
Batting: RHB Mike Laudon
|
0-0: Ball 1-0: Called Strike 1-1: Ground out 5-3 (Groundball, 56, EV 99.4 MPH)
|
Top of the 4th over - 0 runs, 0 hits, 0 errors, 0 left on base; Cleveland (Rk+) 0 - Washington (Rk+) 0 |
BOTTOM OF THE 4TH |
Washington (Rk+) Nationals batting - Pitching for Cleveland (Rk+) Guardians : RHP Tony Reyes
|
Batting: LHB Josh Cipolla
|
0-0: SINGLE (Line Drive, 8LS, EV 105.6 MPH)
|
Batting: RHB J.P. Collins
|
0-0: Foul Ball, location: 5FF 0-1: Ground out 6-3 (Groundball, 6MS, EV 92.5 MPH) Josh Cipolla to second
|
Batting: RHB David Freeman
|
0-0: Ball 1-0: Called Strike 1-1: Ground out 4-3 (Groundball, 4, EV 82.5 MPH) Josh Cipolla to third
|
Batting: RHB Phil Taylor
|
0-0: Ball 1-0: Ball 2-0: 2-RUN HOME RUN (Flyball, 8RXD, EV 113.8 MPH), Distance : 468 ft
|
Batting: RHB Clark Faris
|
0-0: Fly out, F8 (Flyball, 8LM, EV 99.4 MPH)
|
Bottom of the 4th over - 2 runs, 2 hits, 0 errors, 0 left on base; Cleveland (Rk+) 0 - Washington (Rk+) 2 |
TOP OF THE 5TH |
Cleveland (Rk+) Guardians batting - Pitching for Washington (Rk+) Nationals : LHP Bill Van Natta
|
Batting: RHB Joe Barkell
|
0-0: Called Strike 0-1: Called Strike 0-2: Strikes out swinging
|
Batting: LHB Óscar Metelo
|
0-0: Ball 1-0: Swinging Strike 1-1: Ball 2-1: Swinging Strike 2-2: Fly out, F8 (Flyball, 89S, EV 76.3 MPH)
|
Batting: RHB Nate Franz
|
0-0: Swinging Strike 0-1: Fly out, F6 (Line Drive, 56D, EV 69.4 MPH)
|
Top of the 5th over - 0 runs, 0 hits, 0 errors, 0 left on base; Cleveland (Rk+) 0 - Washington (Rk+) 2 |
BOTTOM OF THE 5TH |
Washington (Rk+) Nationals batting - Pitching for Cleveland (Rk+) Guardians : RHP Tony Reyes
|
Batting: RHB Oscar Hernandez
|
0-0: Called Strike 0-1: Fly out, F9 (Flyball, 9D, EV 96.9 MPH)
|
Batting: RHB Nick Terry
|
0-0: Fly out, F7 (Flyball, 78M, EV 86.3 MPH)
|
Batting: LHB Mike George
|
0-0: Ball 1-0: Ball 2-0: Fly out, F9 (Line Drive, 9, EV 104.4 MPH)
|
Bottom of the 5th over - 0 runs, 0 hits, 0 errors, 0 left on base; Cleveland (Rk+) 0 - Washington (Rk+) 2 |
TOP OF THE 6TH |
Cleveland (Rk+) Guardians batting - Pitching for Washington (Rk+) Nationals : LHP Bill Van Natta
|
Batting: RHB Kelly McDonald
|
0-0: Ball 1-0: Foul Ball, location: 3F 1-1: Ball 2-1: Foul Ball, location: 9LMF 2-2: Foul Ball, location: 7LMF 2-2: Foul Ball, location: 2F 2-2: Ball 3-2: Foul Ball, location: 2F 3-2: Foul Ball, location: 2F 3-2: Strikes out swinging
|
Batting: RHB Kevin Maher
|
0-0: Called Strike 0-1: Called Strike 0-2: Strikes out swinging
|
Batting: RHB Lee Lundgren
|
0-0: Ball 1-0: Fly out, F7 (Flyball, 7, EV 83.8 MPH)
|
Top of the 6th over - 0 runs, 0 hits, 0 errors, 0 left on base; Cleveland (Rk+) 0 - Washington (Rk+) 2 |
BOTTOM OF THE 6TH |
Washington (Rk+) Nationals batting - Pitching for Cleveland (Rk+) Guardians : RHP Tony Reyes
|
Batting: RHB Robby Blaze
|
0-0: Ball 1-0: Swinging Strike 1-1: Ball 2-1: Ball 3-1: SINGLE (Line Drive, 56D, EV 95.6 MPH)
|
Batting: LHB Josh Cipolla
|
0-0: Ball 1-0: Foul Ball, location: 23F 1-1: Ball 2-1: SINGLE (Groundball, 4MD, EV 94.4 MPH) Robby Blaze to second
|
Batting: RHB J.P. Collins
|
0-0: Called Strike 0-1: Foul Ball, location: 9LMF 0-2: Ball 1-2: Ground out 5-3 (Groundball, 56S, EV 77.5 MPH) Robby Blaze to third Josh Cipolla to second
|
Batting: RHB David Freeman
|
0-0: Swinging Strike 0-1: Ball 1-1: Foul Ball, location: 3F 1-2: Ball 2-2: Foul Ball, location: 25F 2-2: Foul Ball, location: 2F 2-2: Foul Ball, location: 25FF 2-2: Foul Ball, location: 5F 2-2: Strikes out swinging
|
Pitching: RHP Dustin Cox
|
|
Batting: RHB Phil Taylor
|
0-0: Fly out, F9 (Flyball, 89S, EV 93.8 MPH)
|
Bottom of the 6th over - 0 runs, 2 hits, 0 errors, 2 left on base; Cleveland (Rk+) 0 - Washington (Rk+) 2 |
TOP OF THE 7TH |
Cleveland (Rk+) Guardians batting - Pitching for Washington (Rk+) Nationals : LHP Bill Van Natta
|
Now at 1B: Clark Faris
|
|
Now at SS: Nolan Neace
|
|
Batting: RHB Pat Reinagel
|
0-0: Ball 1-0: Foul Ball, location: 23FF 1-1: Swinging Strike 1-2: Ball 2-2: Strikes out swinging
|
Batting: RHB Carlos Zamora
|
0-0: Called Strike 0-1: Foul Ball, location: 5F 0-2: Ball 1-2: Ball 2-2: Ball 3-2: Ground out 5-3 (Groundball, 56S, EV 86.3 MPH)
|
Batting: RHB Mike Laudon
|
0-0: Ground out 6-3 (Groundball, 6, EV 89.4 MPH)
|
Top of the 7th over - 0 runs, 0 hits, 0 errors, 0 left on base; Cleveland (Rk+) 0 - Washington (Rk+) 2 |
BOTTOM OF THE 7TH |
Washington (Rk+) Nationals batting - Pitching for Cleveland (Rk+) Guardians : RHP Dustin Cox
|
Pinch Hitting: RHB Pat Myers
|
0-0: Ground out 6-3 (Groundball, 6S, EV 68.8 MPH)
|
Batting: RHB Oscar Hernandez
|
0-0: Ball 1-0: Ground out 4-3 (Groundball, 4, EV 78.1 MPH)
|
Batting: RHB Nick Terry
|
0-0: Ball 1-0: Foul Ball, location: 9LDF 1-1: Swinging Strike 1-2: Ball 2-2: Ground out 4-3 (Groundball, 4, EV 78.8 MPH)
|
Bottom of the 7th over - 0 runs, 0 hits, 0 errors, 0 left on base; Cleveland (Rk+) 0 - Washington (Rk+) 2 |
TOP OF THE 8TH |
Cleveland (Rk+) Guardians batting - Pitching for Washington (Rk+) Nationals : LHP Bill Van Natta
|
Now at 1B: Jim Gonzalez
|
|
Batting: RHB Joe Barkell
|
0-0: Fly out, F7 (Flyball, 7, EV 95.0 MPH)
|
Batting: LHB Óscar Metelo
|
0-0: Ball 1-0: Swinging Strike 1-1: Called Strike 1-2: Ball 2-2: Strikes out swinging
|
Batting: RHB Nate Franz
|
0-0: Ball 1-0: Ball 2-0: Ball 3-0: Base on Balls
|
Batting: RHB Kelly McDonald
|
0-0: Ball 1-0: Called Strike 1-1: Fly out, F8 (Flyball, 8RXD, EV 106.9 MPH)
|
Top of the 8th over - 0 runs, 0 hits, 0 errors, 1 left on base; Cleveland (Rk+) 0 - Washington (Rk+) 2 |
BOTTOM OF THE 8TH |
Washington (Rk+) Nationals batting - Pitching for Cleveland (Rk+) Guardians : RHP Dustin Cox
|
Batting: LHB Mike George
|
0-0: Called Strike 0-1: Fly out, F4 (Popup, 4, EV 75.0 MPH)
|
Batting: SHB Nolan Neace
|
0-0: Ball 1-0: Called Strike 1-1: Swinging Strike 1-2: Strikes out swinging
|
Batting: LHB Josh Cipolla
|
0-0: Swinging Strike 0-1: Foul Ball, location: 2LF 0-2: Ball 1-2: Fly out, F4 (Line Drive, 4, EV 71.3 MPH)
|
Bottom of the 8th over - 0 runs, 0 hits, 0 errors, 0 left on base; Cleveland (Rk+) 0 - Washington (Rk+) 2 |
TOP OF THE 9TH |
Cleveland (Rk+) Guardians batting - Pitching for Washington (Rk+) Nationals : LHP Bill Van Natta
|
Batting: RHB Kevin Maher
|
0-0: Called Strike 0-1: Ball 1-1: Ball 2-1: Ground out 4-3 (Groundball, 4, EV 83.1 MPH)
|
Pinch Hitting: RHB Adam Eberwein
|
0-0: Called Strike 0-1: Ball 1-1: Ball 2-1: DOUBLE (Flyball, 8RXD, EV 111.3 MPH)
|
Pitching: RHP Brenden Allison
|
|
Batting: RHB Pat Reinagel
|
0-0: Foul Ball, location: 9LDF 0-1: Foul Ball, location: 2F 0-2: DOUBLE (Line Drive, 7LS, EV 93.1 MPH) Adam Eberwein scores
|
Batting: RHB Carlos Zamora
|
0-0: SINGLE (Groundball, 34D, EV 102.5 MPH) Pat Reinagel to third
|
Batting: RHB Mike Laudon
|
0-0: Called Strike 0-1: Foul Ball, location: 2F 0-2: Ball 1-2: Foul Ball, location: 23F 1-2: Ball 2-2: Strikes out swinging
|
Batting: RHB Joe Barkell
|
0-0: Called Strike 0-1: Ball 1-1: SINGLE (Line Drive, 8LS, EV 86.3 MPH) Pat Reinagel scores Carlos Zamora to second
|
Batting: LHB Óscar Metelo
|
0-0: Called Strike 0-1: Fielders Choice at 2nd, U6 (Groundball, 4MD, EV 95.0 MPH)
|
Top of the 9th over - 2 runs, 4 hits, 0 errors, 2 left on base; Cleveland (Rk+) 2 - Washington (Rk+) 2 |
BOTTOM OF THE 9TH |
Washington (Rk+) Nationals batting - Pitching for Cleveland (Rk+) Guardians : RHP Dustin Cox
|
Now at 2B: Trevor Chisholm
|
|
Now at SS: Mike Laudon
|
|
Batting: RHB J.P. Collins
|
0-0: Called Strike 0-1: Ball 1-1: SINGLE (Line Drive, 7S, EV 93.8 MPH)
|
Pinch Hitting: RHB Ricardo Aguilera
|
0-0: Foul Ball, location: 2F 0-1: DOUBLE (Line Drive, 89D, EV 110.6 MPH) J.P. Collins to third
|
Batting: RHB Phil Taylor
|
0-0: Ball 1-0: Ball 2-0: SINGLE (Line Drive, 7S, EV 95.6 MPH) J.P. Collins scores
|
Bottom of the 9th over - 1 run, 3 hits, 0 errors, 2 left on base; Cleveland (Rk+) 2 - Washington (Rk+) 3 |
|